 Dungeon Crawl Stone Soup version 0.29-a0-307-gecccbbdb84 (webtiles) character file.

Game seed: 9614184156999663380

58 wakim the Insei (level 4, -4/29 HPs)
             Began as an Octopode Transmuter on Mar 28, 2022.
             Splashed by a jelly's acid (8 damage)
             ... on level 3 of the Dungeon.
             The game lasted 00:04:28 (1836 turns).

wakim the Insei (Octopode Transmuter)               Turns: 1836, Time: 00:04:28

Health: -4/29      AC: -11   Str: 15    XL:     4   Next: 1%
Magic:  6/7        EV: 13    Int: 23    God:
Gold:   84         SH:  0    Dex: 12    Spells: 3/7 levels left

rFire   . . .      SeeInvis .     - Unarmed
rCold   . . .      Faith    .   (no shield)
rNeg    . . .      Spirit   .   (helmet currently unavailable)
rPois   .          Reflect  .   (no amulet)
rElec   .          Harm     .   M - +6 ring of intelligence
rCorr   .          Rampage  .   S - +6 ring of strength
Will    .....                   (no ring)
Stlth   +++.......              (no ring)
HPRegen 0.09/turn               (no ring)
MPRegen 0.10/turn               (no ring)
                                (no ring)
                                (no ring)

@: appendages, corroded
A: tentacle spike 3, almost no armour, amphibious, 8 rings, camouflage 1,
gelatinous body 1, (nimble swimmer 1), tentacles
a: End Transformation


You were on level 3 of the Dungeon.
One of your tentacles had grown a beastly spike.
You visited 1 branch of the dungeon, and saw 3 of its levels.

You collected 84 gold pieces.

Inventory:

Missiles
 N - a throwing net {=f!f}
 W - 3 poisoned darts
Jewellery
 M - a +6 ring of intelligence (left tentacle)
 S - a +6 ring of strength (right tentacle)
Wands
 v - a wand of flame (15)
Scrolls
 P - 2 scrolls of enchant armour {unknown}
 Q - a scroll of noise {unknown}
 T - 2 scrolls of fear {unknown}
 U - a scroll of teleportation {unknown}
 V - a scroll of immolation {unknown}
Potions
 L - 2 potions of lignification {!q}
 O - a potion of might {unknown}
 R - a potion of mutation {unknown}


   Skills:
 + Level 1.9 Fighting
 - Level 2.0 Dodging
 - Level 3.0 Stealth
 * Level 3.7 Unarmed Combat
 - Level 2.0 Spellcasting
 - Level 2.0 Transmutations


You had 3 spell levels left.
You knew the following spells:

 Your Spells              Type           Power      Damage    Failure   Level
a - Beastly Appendage     Tmut           22%        N/A       5%          1
x - Spider Form           Tmut/Pois      6%         N/A       26%         3

Your spell library contained the following spells:

 Spells                   Type           Power      Damage    Failure   Level
 Wereblood                Tmut           11%        N/A       9%          2
 Ice Form                 Ice/Tmut       6%         N/A       63%         4


Dungeon Overview and Level Annotations

Branches:
Dungeon (2/15)

Altars:

Shops:
D:2 [


Innate Abilities, Weirdness & Mutations

One of your tentacles has grown a beastly spike.
You cannot wear most types of armour.
You are amphibious.
You can wear up to eight rings at the same time.
Your skin changes colour to match your surroundings (Stealth+).
Your rubbery body absorbs attacks. (AC +1, EV +1)
((You are camouflaged when in or above water. (Stealth+)))
You have tentacles for arms and can constrict up to eight enemies at once.


Message History

Things that are here:
a +0 short sword; a kobold corpse
There is an open door here.
You open the door.
There is an open door here.
You see here a +0 ring mail of fire resistance.
A jelly comes into view.
The jelly moves out of view.
You see here a +0 ring mail.
You see here 28 stones. 29/29 (+20)
Casting: Spider Form (quite dangerous; 26% risk of failure)
Confirm with . or Enter, or press ? or * to list all spells.
One of your tentacles grows a vicious spike.
The jelly quivers.
You tentacle-slap the jelly.
Your tentacles burn!
You pierce the jelly.
The jelly is moderately wounded.
The jelly hits you.
You are splashed with acid. 21/29 (-8)
You tentacle-slap the jelly. The acid corrodes you!
Your tentacles burn!
Your tentacle spike misses the jelly.
The jelly is heavily wounded.
The jelly hits you. The acid corrodes you!
You are splashed with acid!
* * * LOW HITPOINT WARNING * * *
11/29 (-10)
You tentacle-slap the jelly but do no damage.
Your tentacles burn!
* * * LOW HITPOINT WARNING * * *
The jelly is heavily wounded.
The jelly completely misses you. 7/29 (-4) Unknown command.
You tentacle-slap the jelly but do no damage.
The acid corrodes you!
Your tentacles burn!
* * * LOW HITPOINT WARNING * * *
The jelly is heavily wounded.
The jelly hits you.
* * * LOW HITPOINT WARNING * * *
You are splashed with acid!
You die...

######
#..@.#
#.##J#
#.# ...
#(#
.#.#
#.#
.#.#
#.# .#
# #.#
.# #.#
.#
##.####


You could see a jelly.

Vanquished Creatures
  Ijyb (D:3)
  A dart slug (D:1)
  An endoplasm (D:1)
  2 goblins (D:1)
  A hobgoblin (D:1)
  6 jackals
  4 quokkas
  2 ball pythons
  4 frilled lizards
  5 kobolds
  A rat (D:1)
28 creatures vanquished.

Vanquished Creatures (others)
  A kobold (D:3)
1 creature vanquished.

Grand Total: 29 creatures vanquished

Notes
Turn   | Place    | Note
-------+----------+-------------------------------------------
     0 | D:1      | wakim the Octopode Transmuter began the quest for the Orb.
     0 | D:1      | Reached XP level 1. HP: 13/13 MP: 3/3
   199 | D:1      | Reached skill level 1 in Stealth
   234 | D:1      | Reached XP level 2. HP: 18/18 MP: 3/5
   273 | D:1      | Found a faded altar of an unknown god.
   993 | D:1      | Reached XP level 3. HP: 13/23 MP: 6/6
  1192 | D:2      | Learned a level 3 spell: Spider Form
  1293 | D:2      | :!bestwep
  1422 | D:2      | Found Muab's Antique Armour Boutique.
  1484 | D:2      | You fall into a shaft and drop 1 floor!
  1484 | D:3      | Noticed Ijyb
  1512 | D:3      | Killed Ijyb
  1513 | D:3      | Reached XP level 4. HP: 11/29 MP: 4/7
  1836 | D:3      | Splashed by a jelly's acid

Illustrated notes

#####..........#
################)#
.................'
#########.##....#..#
#.......#.##....#..#
.........).......^..
.#.............#..#
#####+#.###.#.#####.#..#
.......@....#.# ..####
.......######.# .#..
....... ..# #...#
....... ### # ###
....... #...#.$ #...#..
#.. ###


Turn 1293 on D:2: :!bestwep

Levels and vault maps discovered:
D:1:      dpeg_arrival_refuge, layout_loops_ring,
          hellmonk_ecumenical_altar_dog_temple
D:2:      layout_basic, serial_shops, shop, uniq_terence
D:3:      layout_basic, dk_noncrumbling_4, st_stairs_5, uniq_ijyb

Skill      XL: |  1  2  3 |
---------------+----------+-----
Stealth        | 1 2 3 |  3.0
Fighting       | |  1.9
Dodging        | |  2.0
Unarmed Combat | |  3.7
Spellcasting   | |  2.0
Transmutations | |  2.0

Action                   |  1- 3 |  4- 6 || total
-------------------------+-------+-------++-------
Melee: Unarmed           |    55 |     4 ||    59
       Kick              |    16 |     1 ||    17
       Constrict         |    13 |       ||    13
       Tentacles         |     7 |       ||     7
       Hand axe          |     5 |       ||     5
 Cast: Beastly Appendage |    20 |     1 ||    21
       Spider Form       |     1 |       ||     1
 Stab: Sleeping          |     4 |       ||     4
Armor: Skin              |     3 |       ||     3
Dodge: Dodged            |    39 |     1 ||    40

Table legend: (Time is in decaauts)
 A = Elapsed time spent in this place.
 B = Non-inter-level travel time spent in this place.
 C = Inter-level travel time spent in this place.
 D = Time resting spent in this place.
 E = Time spent auto-exploring this place.
 F = Levels seen in this place.
 G = Mean time per level.
                   A        B        C        D        E       F      G
               +--------+--------+--------+--------+--------+-----+--------+
         Total |   1832 |   1786 |     46 |    179 |   1218 |   3 |  610.7 |
       Dungeon |   1832 |   1786 |     46 |    179 |   1218 |   3 |  610.7 |
               +--------+--------+--------+--------+--------+-----+--------+

Top non-repeatable levels by time:
     D:1: 1132 daAuts
     D:3: 350 daAuts
     D:2: 349 daAuts
